Map: Grań Lerilaka

Players

Gerald

  • Race: Protoss Protoss
  • League: Gold

Roannos - Winner!

  • Race: Terran Terran
  • League: Gold

VOD

Have the link to the VOD?

Description

Time

  • Played on: Jan. 10, 2016, 7:54 p.m.
  • Length: 24:25
Show
View Real Time Build Order
Export as new Build Order

Gerald Protoss 

Build Orders:  

Get SALT Encoding   

  12  0:01  Probe (Chrono Boost)  
  13  0:14  Pylon  
  13  0:18  Probe (Chrono Boost)  
  14  0:37  Probe (Chrono Boost)  
  15  0:48  Probe (Chrono Boost)  
  16  0:58  Probe (Chrono Boost)  
  17  1:07  Nexus  
  17  1:09  Probe (Chrono Boost)  
  18  1:19  Probe (Chrono Boost)  
  18  1:21  Gateway  
  19  1:30  Assimilator  
  19  1:31  Probe (Chrono Boost)  
  20  1:41  Probe (Chrono Boost)  
  21  1:52  Probe (Chrono Boost), Pylon  
  22  2:02  Probe (Chrono Boost)  
  23  2:12  Cybernetics Core  
  23  2:13  Probe (Chrono Boost)  
  24  2:15  Assimilator  
  24  2:19  Gateway  
  24  2:20  Probe (Chrono Boost)  
  25  2:28  Probe (Chrono Boost)  
  26  2:42  Probe (Chrono Boost)  
  26  2:43  Probe (Chrono Boost)  
  27  2:47  Assimilator  
  27  2:50  Warp Gate  
  27  2:53  Mothership Core (Chrono Boost), Probe (Chrono Boost)  
  30  3:04  Probe (Chrono Boost)  
  31  3:11  Probe (Chrono Boost)  
  32  3:14  Probe (Chrono Boost)  
  33  3:22  Probe (Chrono Boost)  
  33  3:25  Probe (Chrono Boost)  
  35  3:31  Stargate  
  35  3:32  Probe (Chrono Boost)  
  36  3:35  Gateway  
  36  3:38  Pylon  
  36  3:44  Probe (Chrono Boost)  
  37  3:49  Assimilator  
  37  3:53  Adept  
  41  3:55  Adept  
  41  4:00  Stargate  
  41  4:09  Probe x2 (Chrono Boost), Pylon  
  43  4:18  Probe (Chrono Boost)  
  43  4:19  Probe (Chrono Boost)  
  43  4:20  Oracle (Chrono Boost)  
  48  4:28  Probe  
  49  4:31  Probe  
  50  4:39  Probe  
  50  4:43  Probe  
  52  4:49  Gateway, Probe  
  52  4:51  Twilight Council  
  53  4:54  Gateway  
  53  4:55  Probe  
  54  5:00  Probe  
  54  5:04  Oracle (Chrono Boost)  
  61  5:08  Probe  
  61  5:10  Oracle (Chrono Boost)  
  62  5:27  Pylon  
  62  5:29  Nexus  
  62  5:30  Pylon  
  62  5:34  Charge (Chrono Boost)  
  62  5:44  Probe  
  62  5:45  Probe  
  64  5:54  Probe, Pylon  
  64  5:55  Gateway  
  64  5:56  Templar Archives  
  65  5:58  Probe  
  66  6:05  Probe  
  66  6:07  Pylon  
  66  6:10  Probe  
  68  6:11  Pylon  
  68  6:16  Probe  
  68  6:17  Phoenix (Chrono Boost)  
  70  6:20  Phoenix (Chrono Boost)  
  70  6:22  Probe  
  71  6:32  Gateway  
  71  6:37  Probe, Robotics Facility  
  71  6:38  Gateway, Phoenix (Chrono Boost)  
  71  6:39  Probe  
  75  6:43  Phoenix (Chrono Boost)  
  75  6:44  Probe, Assimilator  
  78  6:49  Assimilator  
  78  7:03  Gateway  
  78  7:04  Gateway  
  78  7:05  Probe  
  78  7:06  Probe  
  78  7:07  Probe, Psionic Storm  
  81  7:16  Probe x2  
  81  7:19  Probe  
  84  7:26  Probe  
  84  7:27  Probe  
  86  7:31  Probe  
  86  7:35  High Templar x2  
  86  7:36  Stalker x2  
  95  7:37  Probe x2  
  95  7:43  Probe  
  98  7:47  Probe  
  98  7:48  Probe  
  94  7:55  Probe  
  94  7:58  Probe  
  95  7:59  Zealot x2  
  100  8:10  Probe  
  97  8:16  Observer (Chrono Boost)  
  98  8:22  Zealot x3  
  98  8:24  Zealot x2  
  98  8:25  High Templar x3  
  114  8:32  Pylon  
  114  8:35  Robotics Facility  
  114  8:46  Pylon x2  
  114  8:48  Pylon  
  114  8:51  Immortal (Chrono Boost)  
  114  8:52  Robotics Bay  
  118  8:56  Probe  
  118  8:58  Probe  
  120  9:05  High Templar x3  
  120  9:06  Zealot x2, High Templar  
  120  9:08  Stalker x3  
  138  9:18  Nexus  
  138  9:20  Pylon  
  138  9:23  Pylon  
  138  9:25  Pylon  
  138  9:28  Pylon  
  138  9:34  Immortal (Chrono Boost)  
  142  9:47  Robotics Bay  
  142  9:48  Robotics Facility  
  142  9:51  Pylon  
  142  9:52  High Templar  
  144  9:53  Zealot x4  
  144  9:54  Zealot x3  
  158  10:06  High Templar x2  
  148  10:08  Disruptor (Chrono Boost)  
  148  10:13  Phoenix x2  
  151  10:21  Gateway  
  151  10:23  Gateway  
  151  10:24  Gateway  
  151  10:28  Probe, Forge  
  151  10:29  Probe  
  151  10:31  Gateway  
  151  10:34  Assimilator  
  153  10:39  Assimilator  
  153  10:44  Disruptor (Chrono Boost)  
  153  10:48  Disruptor (Chrono Boost)  
  153  10:49  Disruptor (Chrono Boost)  
  114  11:19  Stalker x4  
  114  11:20  Zealot x4  
  114  11:21  Zealot  
  126  11:45  Zealot x2, High Templar  
  126  11:46  High Templar x3  
  138  11:47  Disruptor (Chrono Boost)  
  138  11:52  Disruptor (Chrono Boost)  
  138  11:54  Immortal (Chrono Boost)  
  138  12:26  Immortal (Chrono Boost)  
  138  12:29  High Templar x2  
  153  12:30  Zealot  
  153  12:31  Immortal (Chrono Boost), Zealot x5  
  153  12:32  Disruptor (Chrono Boost)  
  153  12:33  Stalker  
  167  12:37  Pylon  
  167  12:40  Pylon  
  167  12:46  Pylon  
  167  12:49  Pylon  
  167  12:52  Pylon  
  167  12:55  Pylon, Photon Cannon  
  167  12:56  Photon Cannon  
  167  12:58  Pylon  
  167  12:59  High Templar x3  
  167  13:01  Pylon  
  167  13:02  Photon Cannon  
  173  13:07  Photon Cannon  
  173  13:08  Photon Cannon  
  173  13:11  High Templar x2  
  173  13:13  Immortal (Chrono Boost)  
  173  13:19  Immortal (Chrono Boost)  
  179  13:22  High Templar  
  179  13:24  Zealot  
  179  13:25  Zealot  
  185  13:31  Phoenix  
  190  13:34  Disruptor (Chrono Boost)  
  190  13:36  Pylon  
  190  13:37  Photon Cannon  
  190  13:43  Protoss Ground Armor Level 1, Photon Cannon  
  190  13:47  Forge  
  190  13:48  Forge  
  190  13:59  High Templar x2  
  190  14:00  High Templar  
  196  14:02  Zealot  
  196  14:03  Zealot  
  196  14:05  Nexus  
  196  14:07  Pylon  
  179  14:11  Pylon  
  179  14:13  Assimilator  
  147  14:18  Assimilator  
  94  14:47  High Templar x3  
  94  14:48  High Templar x2  
  94  14:50  Stalker x2  
  94  14:51  Stalker x2  
  108  15:05  Pylon  
  108  15:06  Pylon  
  111  15:09  Disruptor (Chrono Boost)  
  111  15:11  Zealot  
  111  15:13  Zealot x2  
  114  15:29  High Templar x2  
  114  15:33  Stalker x2  
  114  15:34  Stalker x3  
  114  15:35  Zealot x2  
  132  15:40  Gateway  
  132  15:42  Gateway  
  132  15:44  Gateway  
  132  15:45  Probe, Gateway  
  132  15:46  Gateway, Probe  
  132  15:48  Gateway  
  134  15:50  Gateway  
  134  15:54  Pylon  
  134  15:59  High Templar x3  
  134  16:00  Zealot  
  142  16:10  Immortal (Chrono Boost)  
  146  16:11  Zealot x4  
  146  16:12  Zealot  
  156  16:24  Nexus  
  156  16:28  Pylon  
  156  16:32  Pylon  
  134  16:43  Pylon  
  134  16:45  Protoss Ground Weapons Level 1  
  134  16:46  Protoss Ground Armor Level 2 (Chrono Boost)  
  132  16:47  Stalker x4  
  132  16:48  Zealot  
  132  16:50  Zealot x3  
  155  16:58  Disruptor (Chrono Boost)  
  155  16:59  Immortal (Chrono Boost)  
  155  17:04  Photon Cannon x2  
  155  17:05  Photon Cannon  
  155  17:07  Photon Cannon  
  155  17:11  Assimilator  
  154  17:26  Stalker x5  
  150  17:39  Zealot x2  
  150  17:40  Zealot x5  
  150  17:41  Zealot, High Templar x3  
  172  17:52  Nexus  
  172  17:58  Blink  
  162  18:06  Phoenix x2  
  166  18:16  Stalker  
  166  18:17  Stalker x2  
  166  18:18  Zealot x2  
  166  18:19  High Templar x2  
  180  18:28  Pylon  
  180  18:36  High Templar x2  
  180  18:37  Zealot x3  
  190  18:47  Disruptor (Chrono Boost)  
  190  18:48  Immortal (Chrono Boost)  
  197  18:53  Protoss Ground Weapons Level 2 (Chrono Boost)  
  197  18:59  Zealot  
  197  19:01  Probe  
  199  19:02  Pylon  
  78  20:00  Stalker x2  
  78  20:01  Stalker, Zealot  
  78  20:02  Zealot x5  
  78  20:03  Zealot x4  
  78  20:04  High Templar  
  78  20:06  Disruptor x2  
  112  20:13  Assimilator  
  112  20:27  Nexus  
  112  20:29  Pylon  
  112  20:31  Pylon  
  112  20:34  Assimilator  
  112  20:40  Assimilator  
  112  20:42  Immortal (Chrono Boost)  
  120  20:43  Immortal (Chrono Boost)  
  120  20:48  Nexus  
  120  20:51  Pylon  
  120  20:53  Pylon, Assimilator  
  120  20:55  High Templar x2  
  120  20:56  Zealot x3  
  129  21:17  Immortal (Chrono Boost), Disruptor (Chrono Boost)  
  112  21:28  Stalker  
  112  21:29  Stalker, Zealot  
  112  21:30  High Templar  
  90  21:46  Mothership Core (Chrono Boost)  
  86  21:49  High Templar x3  
  86  21:50  Zealot x4  
  86  21:51  Zealot x4  
  86  21:52  Zealot x2  
  111  22:03  Immortal x2  
  111  22:05  High Templar  
  115  22:26  Pylon, High Templar  
  115  22:27  Zealot x3  
  115  22:28  Pylon, Zealot x4  
  131  22:31  Photon Cannon  
  131  22:32  Photon Cannon  
  131  22:33  Photon Cannon  
  117  22:57  Stalker x4  
  117  22:58  High Templar  
  111  22:59  Zealot x3  
  111  23:02  Archon  
  111  23:03  Archon  
  112  23:12  Disruptor x2  
  112  23:14  Pylon  
  118  23:22  Pylon, Phoenix x2  
  121  23:27  Zealot x2  
  121  23:28  Zealot x2  
  121  23:30  High Templar  
  61  24:04  Stalker x2  
  61  24:05  Zealot  
  61  24:06  High Templar  
  61  24:08  High Templar  
  61  24:09  High Templar  
Show
View Real Time Build Order
Export as new Build Order

Roannos Terran - Winner!

Build Orders: MMM Bio 

Get SALT Encoding   

  12  0:00  SCV  
  13  0:16  Supply Depot  
  13  0:17  SCV  
  14  0:24  Refinery  
  14  0:40  Barracks  
  14  0:42  SCV  
  15  0:54  SCV  
  16  1:06  SCV  
  17  1:18  SCV  
  18  1:35  Command Center  
  18  1:37  Barracks Reactor  
  18  1:44  Orbital Command  
  18  2:03  Factory  
  18  2:12  SCV  
  18  2:14  Marine x2  
  21  2:24  Supply Depot  
  21  2:26  SCV  
  22  2:44  Marine  
  22  2:45  Marine  
  22  2:48  Orbital Command  
  22  2:50  SCV  
  25  2:53  Factory Tech Lab  
  25  2:58  Barracks  
  25  3:03  Marine  
  26  3:07  SCV  
  26  3:10  Engineering Bay  
  27  3:14  Marine  
  29  3:34  SCV  
  29  3:37  Siege Tank  
  31  3:41  Missile Turret  
  31  3:43  Missile Turret  
  31  3:44  SCV  
  31  3:46  SCV  
  31  3:48  Barracks Tech Lab  
  33  3:56  SCV  
  33  3:58  SCV  
  33  4:01  Supply Depot  
  35  4:03  Marine  
  35  4:04  Marine  
  35  4:08  SCV  
  38  4:10  SCV  
  38  4:13  Refinery  
  39  4:19  Stimpack  
  39  4:30  SCV  
  39  4:31  SCV  
  41  4:33  Terran Infantry Weapons Level 1  
  41  4:42  SCV  
  41  4:43  SCV  
  43  4:56  Marine x2  
  43  4:58  Command Center  
  45  5:04  SCV x2  
  47  5:09  Missile Turret  
  47  5:12  Supply Depot  
  47  5:16  SCV  
  47  5:17  SCV, Marine  
  47  5:19  Marine  
  51  5:33  Marauder  
  51  5:35  SCV, Marine  
  54  5:36  SCV  
  54  5:37  Marine  
  57  5:48  Siege Tank  
  57  5:49  Supply Depot  
  60  5:53  Starport  
  60  5:58  Marine x2  
  60  5:59  Barracks  
  62  6:06  Supply Depot  
  62  6:08  Supply Depot  
  56  6:19  Combat Shields  
  56  6:23  Missile Turret  
  56  6:25  Missile Turret  
  56  6:26  Missile Turret  
  56  6:27  Planetary Fortress  
  56  6:39  Marine x2  
  58  6:45  Starport Reactor  
  58  6:47  Barracks Reactor  
  58  6:50  Barracks  
  58  6:53  Marauder  
  60  6:56  SCV  
  60  7:00  SCV  
  62  7:04  SCV  
  63  7:10  Siege Tank  
  63  7:12  Marine x2  
  68  7:16  Marauder  
  70  7:25  SCV  
  70  7:26  SCV x2  
  73  7:31  Supply Depot, Missile Turret  
  73  7:38  SCV, Marine  
  73  7:39  Marine x3  
  78  7:46  Armory  
  78  7:58  Refinery  
  78  8:01  Refinery  
  78  8:14  Medivac x2  
  78  8:16  SCV x2  
  84  8:24  SCV  
  84  8:26  Marine x4  
  89  8:27  Marine  
  89  8:30  Barracks Reactor  
  89  8:33  Barracks  
  90  8:36  SCV, Barracks  
  91  8:49  Medivac  
  91  8:55  Marine x5  
  98  9:13  Marine x5  
  98  9:16  Marine x2  
  105  9:19  Medivac x2  
  109  9:30  Marine  
  109  9:31  Marine x3  
  109  9:32  Marine  
  108  9:38  Marine  
  108  9:44  Supply Depot  
  108  9:45  Barracks Tech Lab  
  109  9:46  Supply Depot, Barracks Tech Lab  
  109  9:50  Barracks  
  109  9:51  Terran Vehicle Weapons Level 1  
  109  9:55  Refinery  
  109  9:57  Refinery  
  109  10:02  Marine  
  109  10:03  SCV x2  
  109  10:06  SCV  
  110  10:15  SCV, Siege Tank  
  114  10:22  Factory  
  114  10:26  Barracks  
  114  10:27  SCV x3  
  117  10:29  Barracks  
  88  11:19  Marine x4  
  88  11:20  Marauder, Marine x2  
  88  11:21  Marauder x2  
  100  11:32  Barracks Tech Lab x2  
  84  11:37  Marine  
  84  11:38  Factory  
  84  11:39  Factory Tech Lab, Factory  
  85  11:42  Marauder  
  83  11:56  Command Center  
  83  11:57  Marine x4  
  83  11:58  Marine x2  
  83  11:59  Marauder x2  
  83  12:01  Concussive Shells  
  85  12:03  Marauder  
  90  12:08  Siege Tank  
  90  12:10  Siege Tank  
  90  12:12  Medivac x2  
  90  12:15  Starport  
  97  12:17  Supply Depot, SCV  
  97  12:18  SCV x2  
  97  12:19  Supply Depot  
  100  12:30  Factory Tech Lab x2  
  100  12:34  Terran Infantry Weapons Level 2  
  100  12:38  Engineering Bay  
  100  12:39  Armory  
  100  12:40  Siege Tank  
  101  13:01  Marine x5  
  101  13:02  Marauder x2  
  101  13:03  Marauder  
  110  13:17  Marine  
  110  13:18  Marine  
  110  13:19  Marine  
  113  13:20  Siege Tank  
  113  13:23  Siege Tank x2  
  113  13:24  Marauder x2  
  113  13:26  Planetary Fortress  
  126  13:30  Missile Turret  
  126  13:46  Siege Tank  
  129  13:52  Siege Tank  
  129  13:55  Siege Tank x2  
  125  14:19  Marine x5  
  125  14:20  Marine x3  
  101  14:42  Marine x6  
  101  14:43  Marauder  
  101  14:44  Marauder x2  
  107  14:50  Barracks x2  
  106  15:05  Marauder  
  107  15:14  Marine x2  
  107  15:15  Marine, Marauder x2  
  107  15:16  Marine x3  
  114  15:26  Marauder  
  114  15:32  Marine  
  114  15:34  Marine  
  114  15:35  Marine x4  
  113  15:37  Marauder x2  
  113  15:38  Barracks Tech Lab  
  113  15:39  Barracks Tech Lab  
  113  15:42  Barracks x2  
  118  15:47  Marauder  
  120  15:51  Command Center  
  120  15:52  Medivac, Starport Reactor  
  120  15:53  Medivac  
  124  15:59  Refinery  
  124  16:03  Refinery  
  124  16:09  Marine x3  
  124  16:10  Marine  
  124  16:11  Marauder  
  115  16:47  Marine x4  
  102  16:48  Marauder  
  102  16:49  Marauder x3, Marine x2  
  102  16:51  Medivac x2  
  102  16:52  Medivac x2  
  124  16:54  Terran Infantry Weapons Level 3  
  124  16:55  Terran Infantry Armor Level 1  
  124  16:56  Terran Vehicle And Ship Armor Level 1  
  124  16:58  Terran Vehicle Weapons Level 2  
  124  17:11  Planetary Fortress  
  103  17:38  Marine x3  
  103  17:42  Marine x3  
  103  17:43  Marauder x3  
  115  17:44  Marauder x2  
  115  17:49  Siege Tank  
  115  17:50  Siege Tank x2  
  126  17:52  Siege Tank  
  109  18:06  Marine x5  
  109  18:07  Marine  
  109  18:08  Marauder x4  
  109  18:09  Marauder  
  125  18:16  Barracks Tech Lab x2  
  125  18:24  Marine x3  
  125  18:25  Marine x3  
  131  18:29  Marauder x2  
  131  18:30  Marauder x2  
  139  18:47  SCV  
  140  18:50  Marauder x3  
  140  18:51  Marauder, Marine x3  
  151  18:58  Supply Depot  
  151  18:59  SCV  
  151  19:02  Supply Depot  
  152  19:03  Supply Depot  
  152  19:08  Marine x4  
  156  19:11  SCV  
  156  19:14  Medivac x2  
  161  19:23  SCV  
  160  19:35  SCV  
  129  19:52  Marine x6  
  93  19:53  Marauder x2, Marine x2  
  93  19:54  Marauder  
  96  20:01  Marine x2  
  96  20:03  Siege Tank  
  96  20:04  Siege Tank x3  
  110  20:11  Barracks  
  110  20:12  Barracks  
  110  20:25  Command Center  
  110  20:32  Marine x4  
  110  20:33  Marine x3  
  110  20:34  Marauder x5  
  110  20:35  Marauder  
  129  20:42  Medivac x2  
  133  20:43  Medivac x2  
  137  20:50  Marine x5  
  137  20:51  Marine  
  137  20:53  Supply Depot  
  123  21:38  Marine x3  
  123  21:39  Marine x4  
  131  21:40  Marauder x4, Marine x2  
  131  21:41  Marauder x2  
  144  21:56  Marine x2  
  144  21:58  Marauder  
  144  21:59  Marine  
  144  22:00  Marine x5  
  156  22:01  Marine, Marauder x3  
  156  22:02  Marauder x2  
  165  22:14  Marine x2  
  167  22:17  Marine  
  167  22:20  Marauder x2  
  172  22:23  Marine x4  
  172  22:24  Marauder x2, Marine x2  
  172  22:26  Medivac x2  
  186  22:38  Marine x3  
  186  22:39  Marauder, Marine  
  186  22:40  Marine  
  186  22:41  Marauder, Marine  
  186  22:42  Marauder  
  165  23:11  Marine x4  
  165  23:12  Marine x3, Marauder x4  
  181  23:13  Marauder x2  
  184  23:34  Marine x3  
  184  23:35  Marine x4  
  184  23:36  Marauder x3, Marine x3  
  197  23:50  Marine  
  197  23:51  Marauder  
Tags
 
Composition
MMM Bio
League
GoldGold
Matchup
PvT
Player
Gerald
Add a new tag
Caveats
  • Supply blocks, unpowered buildings, or Contaminate may cause inaccurate times.
  • Supply counts are checked every 10 seconds.